 Dungeon Crawl Stone Soup version 0.31-a0-1134-gb247575874 (webtiles) character file.

Game seed: 13919501016731727269

1328 kae the Sneak (level 8, -12/56 (59) HPs)
             Began as a Demonspawn Enchanter on Dec 5, 2023.
             Was an Initiate of Dithmenos.
             Mangled by a wight
             ... wielding a +5 falchion of freezing
              (14 damage)
             ... on level 6 of the Dungeon.
             The game lasted 00:06:28 (5348 turns).

kae the Sneak (Demonspawn Enchanter)                Turns: 5348, Time: 00:06:29

HP:   -12/56 (59)   AC:  2    Str: 10    XL:     8   Next: 34%
MP:   7/14          EV: 17    Int: 15    God:    Dithmenos [......]
Gold: 214           SH:  0    Dex: 15    Spells: 7/15 levels left

rFire   . . .        a - +3 dagger
rCold   . . .        (no shield)
rNeg    . . .        g - +0 robe
rPois   +            (helmet restricted)
rElec   .            (no cloak)
rCorr   .            (no gloves)
SInv    .            (no boots)
Will    .....        (no amulet)
Stlth   +++          P - ring of poison resistance
HPRegen 0.29/turn    E - +5 ring of evasion
MPRegen 0.14/turn

%: no passive effects
@: drained
A: horns 2, demonic magic 1
a: Renounce Religion


You were on level 6 of the Dungeon.
You worshipped Dithmenos.
Dithmenos was noncommittal.
You visited 2 branches of the dungeon, and saw 7 of its levels.

You collected 324 gold pieces.
You spent 110 gold pieces at shops.


Innate Abilities, Weirdness & Mutations

You have a pair of horns on your head.
Spells you cast may paralyse adjacent enemies.


   Skills:
 + Level 3.6 Fighting
 * Level 4.9 Short Blades
 - Level 1.7 Dodging
 * Level 5.9 Stealth
 + Level 4.1 Spellcasting
 + Level 4.7 Hexes


You had 7 spell levels left.
You knew the following spells:

 Your Spells              Type           Power      Damage    Failure   Level
a - Ensorcelled Hibernat  Hex/Ice        20%        N/A       11%         2
b - Confusing Touch       Hex            17%        N/A       8%          3
c - Tukima's Dance        Hex            17%        N/A       8%          3

Your spell library contained the following spells:

 Spells                   Type           Power      Damage    Failure   Level
 Necrotise                Necr           12%        1d4       19%         1
 Sting                    Tmut/Pois      12%        1d3       19%         1
 Dazzling Flash           Conj/Hex       20%        N/A       21%         3
 Poisonous Vapours        Pois/Air       6%         N/A       26%         2
 Vampiric Draining        Necr           3%         2d6       47%         3
 Olgreb's Toxic Radiance  Pois           3%         N/A       87%         4
 Agony                    Necr           3%         N/A       99%         5

Inventory:

Hand Weapons
 a - a +3 dagger (weapon)
 b - a +1 short sword of protection
   (You took it off a kobold on level 1 of the Dungeon)
Missiles
 e - 12 stones
 f - a throwing net {=f!f}
 n - 5 poisoned darts
Armour
 g - a +0 robe (worn)
 h - a +0 helmet
   (You found it on level 1 of the Dungeon)
 v - the +7 kite shield of Beauty {rC+ Int+5}
   (You acquired it on level 5 of the Dungeon)

   Int+5:     It affects your intelligence (+5).
   rC+:       It protects you from cold.
Magical Staves
 d - a staff of air {!a}
   (You found it on level 4 of the Dungeon)
Jewellery
 E - a +5 ring of evasion (right hand)
   (You found it on level 2 of the Dungeon)
 P - a ring of poison resistance (left hand)
   (You found it on level 3 of the Dungeon)
 R - a ring of resist corrosion
   (You found it on level 1 of the Dungeon)
Scrolls
 i - 2 scrolls of blinking {!r}
 j - 3 scrolls of teleportation {@r4}
 m - a scroll of immolation {!r!r}
 s - a scroll of butterflies {unknown}
Potions
 c - 2 potions of invisibility
 k - 2 potions of heal wounds {@q2}
 l - 2 potions of degeneration {!q}
 o - a potion of enlightenment
 p - 2 potions of resistance {unknown}
 q - a potion of attraction {unknown}
 r - 3 potions of curing {unknown}
 u - a potion of haste {unknown}

Dungeon Overview and Level Annotations

Branches:
Dungeon (6/15) Zot: 26966  Temple (1/1) D:5 Zot: 5987

Altars:
Ashenzari
Cheibriados
Dithmenos
Hepliaklqana
Kikubaaqudgha
Makhleb
Nemelex Xobeh
Okawaru
Qazlal
Ru
Sif Muna
Trog
Uskayaw
Vehumet
Xom
Yredelemnul

Shops:
D:3 [:*:   D:5 *

Annotations:
D:4 2 transporters, Roalbala's ghost, amateur DrSh

....... ###
....... ..# .
....... #.# ..
.......####.###...
.................
................
.......#....#
........## ..## ##
.# ##


You could see a wight (confused).


Message History

Okay, then.
Okay, then.
s - a scroll labelled NEVVIC RYAKOEMEL
There is a stone staircase leading up here.
A scorpion and a wight come into view.
The wight is wielding a +5 falchion of freezing and wearing a +0 robe of willpower.
There are monsters nearby!
There are monsters nearby!
There is a stone staircase leading up here.
A wight is nearby!
You feel your willpower return.
Casting: Ensorcelled Hibernation (safe; 11% risk of failure)
Confirm with . or Enter, or press ? or * to list all spells.
You miscast Confusing Touch.
You are very lightly contaminated with residual magic.
Nothing appears to happen.
The wight barely misses you. 😎 MP[-3]
You lost 3 mp, and now have 11/14 mp.
Casting: Confusing Touch (dangerous; 8% risk of failure)
Confirm with . or Enter, or press ? or * to list all spells.
You miscast Confusing Touch.
Nothing appears to happen.
The wight closely misses you. 😎 MP[-3]
You lost 3 mp, and now have 8/14 mp.
Casting: Confusing Touch (dangerous; 8% risk of failure)
Confirm with . or Enter, or press ? or * to list all spells.
Your hands begin to glow red.
Malevolent energies surge around you. The wight closely misses you.
The wight hits you with a +5 falchion of freezing!
The wight freezes you. 😮 HP[-17] MP[-3]
You take 17 damage, and now have 42/59 hp.
MASSIVE DAMAGE!! (PAUSE)
You lost 3 mp, and now have 5/14 mp.
You barely miss the wight. You headbutt the wight!
You hit the wight but do no damage. The wight completely misses you.
You hit the wight but do no damage.
The wight hits you with a +5 falchion of freezing!
You feel drained. The wight freezes you.
You are too injured to fight recklessly! 😮 HP[-10]
You now have 58 max hp (-1).
You take 10 damage, and now have 32/58 hp.
You hit the wight but do no damage.
The wight closely misses you. 😮 HP[+1] MP[+1] Unknown command.
You hit the wight but do no damage. You headbutt the wight!
You closely miss the wight. Your headbutt misses the wight.
The wight hits you with a +5 falchion of freezing!
* * * LOW HITPOINT WARNING * * *
The wight freezes you.
* * * LOW HITPOINT WARNING * * *
😨 HP[-16]
You take 16 damage, and now have 17/58 hp.
MASSIVE DAMAGE!! (PAUSE)
You closely miss the wight.
The wight hits you with a +5 falchion of freezing.
* * * LOW HITPOINT WARNING * * *
You feel drained.
* * * LOW HITPOINT WARNING * * *
The wight freezes you.
* * * LOW HITPOINT WARNING * * *
😱 HP[-12]
You now have 57 max hp (-1).
You take 12 damage, and now have 5/57 hp.
MASSIVE DAMAGE!! (PAUSE)
You hit the wight but do no damage.
The wight hits you with a +5 falchion of freezing.
* * * LOW HITPOINT WARNING * * *
You feel drained.
* * * LOW HITPOINT WARNING * * *
The wight freezes you.
* * * LOW HITPOINT WARNING * * *
😱 HP[-3]
You now have 56 max hp (-1).
You take 3 damage, and now have 2/56 hp.
Unknown command.
You closely miss the wight.
Unknown command.
Unknown command.
You feel much better. The wight misses you. 😨 HP[+18]
You regained 18 hp, and now have 20/56 hp.
You hit the wight but do no damage. You headbutt the wight.
The wight hits you with a +5 falchion of freezing!
* * * LOW HITPOINT WARNING * * *
The wight freezes you.
* * * LOW HITPOINT WARNING * * *
😱 HP[-19]
You take 19 damage, and now have 1/56 hp.
MASSIVE DAMAGE!! (PAUSE)
You hit the wight but do no damage.
The wight appears confused.
You headbutt the wight, but do no damage. 😱 HP[+1] 😱 MP[+1]
Your magical contamination has completely faded away.
You barely miss the wight.
The wight hits you with a +5 falchion of freezing!
You die...

Skill      XL: |  1  2  3  4  5  6  7  8 |
---------------+-------------------------+-----
Short Blades   | 1 2 3 4 |  4.9
Stealth        | 3 4 5 |  5.9
Fighting       | 1 2 3 |  3.6
Spellcasting   | 3 4 |  4.1
Hexes          | 4 |  4.7
Dodging        | |  1.7

Action                     |  1- 3 |  4- 6 |  7- 9 || total
---------------------------+-------+-------+-------++-------
  Melee: Dagger            |    81 |   111 |    99 ||   291
         Short sword       |    37 |     1 |       ||    38
         Punch             |     2 |     3 |     2 ||     7
         Headbutt          |       |    15 |    17 ||    32
   Cast: Ensorcelled Hiber |     7 |    27 |    14 ||    48
         Confusing Touch   |       |       |     6 ||     6
    Use: Scroll            |       |     7 |     4 ||    11
         Potion            |       |       |     1 ||     1
   Stab: Sleeping          |    17 |    18 |     7 ||    42
         Paralysed         |     6 |    13 |     7 ||    26
         Confused          |       |       |     2 ||     2
 Armour: Robe              |    59 |    35 |    36 ||   130
  Dodge: Dodged            |    77 |    75 |    75 ||   227

Levels and vault maps discovered:
D:1:      dpeg_arrival_rooms_c, layout_basic
D:2:      minmay_skewed_foursquare, layout_loops_ring, uniq_terence
D:3:      layout_basic, mainiacjoe_overflow_catwalk, basic_ecumenical_altar,
          serial_shops, nicolae_shop_behind_doors, nicolae_book_shop_shelving,
          nicolae_shop_just_a_little_nook, nicolae_shop_rolling_square,
          grunt_decor_junction, serial_bayou_pond_c
D:4:      layout_basic, marbit_many_paths, gammafunk_ghost_arena, uniq_duvessa,
          uniq_natasha, uniq_eustachio
D:5:      layout_rooms, nicolae_qazlal_beasts_of_the_sky, temple_green,
          serial_shops, shop
D:6:      layout_rooms, fedhas_altar_1, uniq_pikel
Temple:   hellmonk_temple_two_chambers

Notes
Turn   | Place    | Note
-------+----------+-------------------------------------------
     0 | D:1      | kae the Demonspawn Enchanter began the quest for the Orb.
     0 | D:1      | Reached XP level 1. HP: 13/13 MP: 3/3
     0 | D:1      | magus.rc [v1.11.3]
    67 | D:1      | Reached skill level 1 in Short Blades
   162 | D:1      | Gained mutation: Spells you cast may paralyse adjacent
                  | enemies. [demonic ancestry]
   162 | D:1      | Reached XP level 2. HP: 13/20 MP: 5/5
   200 | D:1      | Learned a level 2 spell: Ensorcelled Hibernation
   423 | D:1      | Reached skill level 3 in Stealth
   863 | D:1      | Reached XP level 3. HP: 25/25 MP: 6/6
  1240 | D:2      | Reached skill level 1 in Fighting
  1300 | D:2      | You pick up a book of Necromancy and begin reading...
  1300 | D:2      | You add the spells Necrotise, Vampiric Draining and Agony
                  | to your library.
  1370 | D:2      | Reached XP level 4. HP: 29/32 MP: 4/7
  1411 | D:2      | Reached skill level 2 in Short Blades
  1602 | D:2      | Noticed Terence
  1612 | D:2      | Killed Terence
  1650 | D:2      | Learned a level 3 spell: Confusing Touch
  1654 | D:2      | Learned a level 3 spell: Tukima's Dance
  2104 | D:3      | Gained mutation: You have a pair of small horns on your
                  | head. [demonic ancestry]
  2104 | D:3      | Reached XP level 5. HP: 37/37 MP: 4/9
  2192 | D:3      | Found a sacrificial altar of Ru.
  2202 | D:3      | Found Ypiemp's Armour Boutique.
  2224 | D:3      | Found Idaqid's Book Boutique.
  2232 | D:3      | Found a faded altar of an unknown god.
  2339 | D:3      | Found Gihoqiv's Book Shop.
  2451 | D:3      | Found Wohox's Assorted Antiques.
  2454 | D:3      | Bought a scroll labelled YMUSEL KUSIRPHY for 29 gold pieces
  2454 | D:3      | Bought a viscous purple potion for 26 gold pieces
  2454 | D:3      | Bought a scroll labelled UMAENK PYOPHEC for 29 gold pieces
  2454 | D:3      | Bought a bubbling clear potion for 26 gold pieces
  2990 | D:4      | Noticed a centaur
  2997 | D:4      | Noticed Natasha
  3006 | D:4      | Killed Natasha
  3007 | D:4      | Reached skill level 4 in Stealth
  3051 | D:4      | Reached skill level 2 in Fighting
  3051 | D:4      | Reached skill level 3 in Short Blades
  3051 | D:4      | Reached skill level 3 in Spellcasting
  3051 | D:4      | Gained mutation: You have a pair of horns on your head.
                  | [demonic ancestry]
  3051 | D:4      | Reached XP level 6. HP: 32/44 MP: 3/10
  3182 | D:4      | Found a transporter.
  3182 | D:4      | Noticed Roalbala's ghost (amateur DrSh)
  3198 | D:4      | Noticed Natasha
  3241 | D:4      | You pick up a book of Necromancy and begin reading...
  3258 | D:4      | Noticed Duvessa
  3260 | D:4      | Noticed Dowan
  3273 | D:4      | Killed Duvessa
  3274 | D:4      | Killed Dowan
  3460 | D:4      | Found an ancient bone altar of Kikubaaqudgha.
  3599 | D:4      | Noticed Eustachio
  3607 | D:4      | Killed Eustachio
  3608 | D:4      | Reached skill level 4 in Hexes
  3608 | D:4      | Reached XP level 7. HP: 51/51 MP: 8/12
  3902 | D:4      | Found a transporter.
  3946 | D:4      | Killed Natasha
  3947 | D:4      | Reached skill level 5 in Stealth
  3960 | D:4      | Reached skill level 4 in Short Blades
  4107 | D:4      | Noticed Natasha
  4115 | D:4      | Killed Natasha
  4171 | D:4      | Reached skill level 3 in Fighting
  4418 | D:5      | Entered Level 5 of the Dungeon
  4418 | D:5      | Found Egurch's General Store.
  4569 | D:5      | Found a stormy altar of Qazlal.
  4581 | D:5      | Reached XP level 8. HP: 58/58 MP: 10/13
  4721 | D:5      | You add the spells Sting, Poisonous Vapours and Olgreb's
                  | Toxic Radiance to your library.
  4734 | D:5      | Found a staircase to the Ecumenical Temple.
  4833 | D:5      | Reached skill level 4 in Spellcasting
  4869 | Temple   | Entered the Ecumenical Temple
  4875 | Temple   | Became a worshipper of Dithmenos the Shadowed
  5290 | D:5      | Identified a scroll of acquirement
  5290 | D:5      | Acquired the +7 kite shield of Beauty {rC+ Int+5}
  5340 | D:6      | HP: 11/58 [wight/+5 falchion of freezing (6)]
  5340 | D:6      | HP: 5/57 [wight/+5 falchion of freezing (3)]
  5341 | D:6      | HP: 2/56 [wight/+5 falchion of freezing (1)]
  5348 | D:6      | Mangled by a wight

Vanquished Creatures
  Eustachio (D:4)
  Duvessa (D:4)
  A sky beast (D:5)
  2 ice beasts (D:5)
  A black bear (D:4)
  An ogre (D:5)
  A scorpion (D:4)
  Dowan (D:4)
  4 hounds
  A sleepcap (D:5)
  Terence (D:2)
  Natasha (thrice) (D:4)
  2 iguanas (D:4)
  8 gnolls
  4 adders
  A shadow imp (D:5)
  A white imp (D:5)
  2 ufetubi (D:5)
  3 worms
  3 dart slugs
  6 bats
  4 endoplasms
  5 giant cockroaches
  7 goblins
  4 hobgoblins
  5 jackals
  2 quokkas (D:1)
  7 ball pythons
  3 frilled lizards
  12 kobolds
  4 rats
101 creatures vanquished.

Table legend:
 A = Non-vault XP
 B = Vault XP
 C = Vault XP percentage of total XP
 D = Non-vault monster count
 E = Vault monster count
 F = Vault count percentage of total count
                 A         B        C        D         E       F
            +---------+---------+-------+---------+---------+-------
      Total |    1244 |     654 |  34.5 |      92 |       9 |   8.9
            +---------+---------+-------+---------+---------+-------
        D:1 |      43 |       0 |   0.0 |      26 |       0 |   0.0
        D:2 |      99 |      51 |  34.0 |      21 |       3 |  12.5
        D:3 |      40 |       0 |   0.0 |      11 |       0 |   0.0
        D:4 |     467 |     470 |  50.2 |      21 |       5 |  19.2
        D:5 |     595 |     133 |  18.3 |      13 |       1 |   7.1
            +---------+---------+-------+---------+---------+-------

Skill      XL: |  1  2  3  4  5  6  7  8 |
---------------+-------------------------+-----
Short Blades   | 1 2 3 4 |  4.9
Stealth        | 3 4 5 |  5.9
Fighting       | 1 2 3 |  3.6
Spellcasting   | 3 4 |  4.1
Hexes          | 4 |  4.7
Dodging        | |  1.7

Action                     |  1- 3 |  4- 6 |  7- 9 || total
---------------------------+-------+-------+-------++-------
  Melee: Dagger            |    81 |   111 |    99 ||   291
         Short sword       |    37 |     1 |       ||    38
         Punch             |     2 |     3 |     2 ||     7
         Headbutt          |       |    15 |    17 ||    32
   Cast: Ensorcelled Hiber |     7 |    27 |    14 ||    48
         Confusing Touch   |       |       |     6 ||     6
    Use: Scroll            |       |     7 |     4 ||    11
         Potion            |       |       |     1 ||     1
   Stab: Sleeping          |    17 |    18 |     7 ||    42
         Paralysed         |     6 |    13 |     7 ||    26
         Confused          |       |       |     2 ||     2
 Armour: Robe              |    59 |    35 |    36 ||   130
  Dodge: Dodged            |    77 |    75 |    75 ||   227

Illustrated notes

Table legend:
 A = Kills in this place as a percentage of kills in the entire game.
 B = Kills by you in this place as a percentage of kills by you in the entire game.
 C = Kills by friends in this place as a percentage of kills by friends in the entire game.
 D = Other kills in this place as a percentage of other kills in the entire game.
 E = Experience gained in this place as a percentage of experience gained in the entire game.
 F = Experience gained in this place divided by the number of levels of this place that you have seen.
                   A       B       C       D       E      F
               +-------+-------+-------+-------+-------+----------------------
         Total | 100.0 | 100.0 |   N/A |   N/A | 100.0 | 271.1
       Dungeon | 100.0 | 100.0 |   N/A |   N/A | 100.0 | 316.3
               +-------+-------+-------+-------+-------+----------------------

Table legend: (Time is in decaauts)
 A = Elapsed time spent in this place.
 B = Non-inter-level travel time spent in this place.
 C = Inter-level travel time spent in this place.
 D = Time resting spent in this place.
 E = Time spent auto-exploring this place.
 F = Levels seen in this place.
 G = Mean time per level.
                   A        B        C        D        E       F      G
               +--------+--------+--------+--------+--------+-----+--------+
         Total |   5312 |   5069 |    243 |    143 |   4031 |   7 |  758.9 |
       Dungeon |   5300 |   5058 |    242 |    143 |   4031 |   6 |  883.3 |
        Temple |     12 |     12 |      0 |      0 |      0 |   1 |   12.0 |
               +--------+--------+--------+--------+--------+-----+--------+

Top non-repeatable levels by time:
     D:4: 1440 daAuts
     D:1: 1196 daAuts
     D:3: 934 daAuts
     D:5: 865 daAuts
     D:2: 830 daAuts
     D:6: 33 daAuts
  Temple: 12 daAuts
